 Dungeon Crawl Stone Soup version 0.30-a0-924-g0ad0bf95bc (webtiles) character file.

Game seed: 14709960406798626611

12279 12sPaWn12 the Protected (level 11, -12/71 HPs)
             Began as a Gargoyle Fighter on Mar 23, 2023.
             Was a High Priest of Zin.
             Mangled by Erolcha
             ... wielding a +0 giant spiked club
              (22 damage)
             ... on level 1 of the Orcish Mines.
             The game lasted 00:27:59 (10930 turns).

12sPaWn12 the Protected (Gargoyle Fighter)         Turns: 10930, Time: 00:28:00

Health: -12/71     AC: 28    Str: 23    XL:     11   Next: 90%
Magic:  14/14      EV:  7    Int: 10    God:    Zin [*****.]
Gold:   1220       SH: 10    Dex:  9    Spells: 10/10 levels left

rFire   . . .      SeeInvis .    d - +8 mithril axe "Arga" {speed, Will+}
rCold   . . .      Faith    .    O - +0 kite shield
rNeg    + + .      Spirit   .    n - +1 plate armour
rPois   ∞          Reflect  .    f - +0 helmet
rElec   +          Rampage  .    p - +0 cloak
rCorr   .          Clarity  +    L - +1 pair of gloves
Will    +....                    (no boots) Stlth
                                 e - amulet of regeneration
HPRegen 1.11/turn                c - ring of positive energy
MPRegen 0.14/turn                (no ring)

@: unable to read
A: sickness immunity, AC +8, negative energy resistance 1, electricity
resistance, torment resistance 1, petrification resistance, clarity, inability
to read after injury 1
a: Renounce Religion, Recite, Vitalisation, Imprison, Sanctuary, Donate Gold


You were on level 1 of the Orcish Mines.
You worshipped Zin.
Zin was extremely pleased with you.
You visited 3 branches of the dungeon, and saw 12 of its levels.
You also visited: Bailey.

You collected 1343 gold pieces.
You donated 123 gold pieces to Zin.

Inventory:

Hand Weapons
 d - the +8 mithril axe "Arga" (weapon) {speed, Will+}
   (You found it in a bailey)

   Will:      It increases your willpower.
 q - a +0 mace of protection
Missiles
 z - 8 throwing nets (quivered)
Armour
 f - a +0 helmet (worn)
 n - a +1 plate armour (worn)
 p - a +0 cloak (worn)
 L - a +1 pair of gloves (worn)
 O - a +0 kite shield (worn)
Jewellery
 c - a ring of positive energy (left hand)
 e - an amulet of regeneration (around neck)
 C - an amulet of magic regeneration
 H - the ring "Zimmex" {*Corrode rF- rC+ EV+5 Str+5}
   (You found it on level 6 of the Dungeon)

   [ring of evasion]

   EV:        It affects your evasion (+5).
   Str:       It affects your strength (+5).
   rF:        It makes you vulnerable to fire.
   rC:        It protects you from cold.
   *Corrode:  It may corrode you when you take damage.
 M - an amulet of reflection
Wands
 k - a wand of roots (10)
 u - a wand of flame (19)
 v - a wand of quicksilver (17)
 x - a wand of paralysis (4)
 J - a wand of digging (5)
 N - a wand of mindburst (14)
Scrolls
 g - 3 scrolls of noise {unknown}
 i - 2 scrolls of identify
 l - 2 scrolls of immolation
 m - a scroll of fog {unknown}
 o - 3 scrolls of teleportation
 r - a scroll of poison
 y - a scroll of silence {unknown}
 A - a scroll of enchant armour
 B - a scroll of amnesia {unknown}
 D - a scroll of magic mapping
 E - a scroll of vulnerability {unknown}
 G - 2 scrolls of fear {unknown}
 I - 2 scrolls of blinking {unknown}
Potions
 a - 6 potions of degeneration
 b - a potion of haste
 h - 2 potions of curing
 j - 2 potions of berserk rage
 s - a potion of brilliance
 t - 3 potions of heal wounds
 w - a potion of flight {unknown}
 F - 2 potions of attraction
Miscellaneous
 K - a tin of tremorstones (2/2)


   Skills:
 * Level 9.4 Fighting
 * Level 9.0 Maces & Flails
 * Level 9.9 Armour
 * Level 4.7 Dodging
 * Level 8.8 Shields
 * Level 5.0 Invocations
 * Level 4.6 Evocations


You had 10 spell levels left.
You didn't know any spells.
Your spell library contained the following spells:

 Spells                   Type           Power      Damage    Failure   Level
 Beastly Appendage        Tmut           0%         N/A       100%        1
 Sting                    Tmut/Pois      0%         1d3       100%        1
 Blink                    Tloc           0%         N/A       100%        2
 Lesser Beckoning         Tloc           0%         N/A       100%        2
 Momentum Strike          Conj/Tloc      0%         3d8       100%        2
 Poisonous Vapours        Pois/Air       0%         N/A       100%        2
 Wereblood                Tmut           0%         N/A       100%        2
 Frozen Ramparts          Ice            0%         1d1       100%        3
 Ignite Poison            Fire/Tmut/Pois 0%         N/A       100%        3
 Kindle Blastsparks       Fire/Tloc/Air  0%         2d10      100%        3
 Spider Form              Tmut/Pois      0%         N/A       100%        3
 Summon Guardian Golem    Hex/Summ       0%         N/A       100%        3
 Vampiric Draining        Necr           0%         2d6       100%        3
 Ice Form                 Ice/Tmut       0%         N/A       100%        4
 Olgreb's Toxic Radiance  Pois           0%         N/A       100%        4
 Summon Ice Beast         Ice/Summ       0%         N/A       100%        4
 Fireball                 Conj/Fire      0%         3d3       100%        5
 Freezing Cloud           Conj/Ice/Air   0%         6-21      100%        5
 Iskenderun's Battlesphe  Conj           0%         2d6       100%        5
 Metabolic Englaciation   Hex/Ice        0%         N/A       100%        5
 Conjure Ball Lightning   Conj/Air       0%         3x3d6     100%        6
 Orb of Destruction       Conj           0%         9d5       100%        7


Dungeon Overview and Level Annotations

Branches:
Dungeon (10/15)            Temple (1/1) D:5             Orc (1/2) D:10
 Bailey (visited)
   Lair: D:8-11

Altars:
Ashenzari
Cheibriados
Dithmenos
Elyvilon
Fedhas
Gozag
Hepliaklqana
Kikubaaqudgha
Makhleb
Nemelex Xobeh
Okawaru
Qazlal
Ru
Sif Muna
Trog
Uskayaw
Vehumet
Wu Jian
Xom
Yredelemnul
Zin
The Shining One

Shops:
D:3 (   D:4 ?   D:5 *   D:8 [   D:9 *

Annotations:
Orc:1 Erolcha


Innate Abilities, Weirdness & Mutations

You are immune to sickness and miasma.
Your stone body is resilient. (AC +8)
You are immune to poison.
You resist negative energy. (rN+)
You are resistant to electric shocks. (rElec)
You are resistant to unholy torment.
You are immune to petrification.
You possess an exceptional clarity of mind.
You occasionally lose the ability to read scrolls when taking damage.


Message History

You are too injured to fight recklessly!
Unknown command.
You are too injured to fight recklessly!
You are too injured to fight recklessly!
Unknown command.
You are too injured to fight recklessly!
You hit the orc warrior.
The orc warrior is heavily wounded.
You barely miss something. You hit something.
Something hits you but does no damage. x2
The orc warrior hits you with a +0 trident!
You hit the orc warrior.
The orc warrior is severely wounded.
You hit something. You closely miss something.
You hear some strange, mumbled words.
A magic dart appears from out of thin air!
The magic dart hits you but does no damage.
Something hits you but does no damage.
The orc warrior hits you with a +0 trident.
You barely miss the orc warrior.
The orc warrior is severely wounded.
You closely miss something. You slash something!
Reactivating autopickup.
You feel a bit more experienced. You block the orc warrior's attack.
Something completely misses you.
You barely miss the orc warrior.
The orc warrior is severely wounded.
You hit something. The orc warrior barely misses you.
You slice the orc warrior!!
You kill the orc warrior!
You closely miss something. Something hits you!!
You feel threatened and lose the ability to read scrolls!
* * * LOW HITPOINT WARNING * * *
Deactivating autopickup; reactivate with Ctrl-A.
You slash something! You barely miss something.
Something hits you but does no damage.
You closely miss something. Something hits you.
* * * LOW HITPOINT WARNING * * *
You feel better. Something hits you!!
You die...

...# #......###
.... ..##
#.......# ... ..#
#......#### ....
..# #..........#
..... .##
...........##.....
##
.....#..........#
.....##..........#
...## ###)......##
... #.)@.......#
........)){.......
.......#..#.....
#......#.###....
.......### ....
.#..^.. .. ##..##
###


There were no monsters in sight!

Vanquished Creatures
  Erica (D:10)
  2 two-headed ogres (D:10)
  Urug (D:10)
  An unseen horror (D:8)
  A kobold demonologist (D:9)
  A shadow (D:7)
  2 wraiths
  2 wyverns
  16 yaks
  An acid dragon (D:9)
  A warg (Orc:1)
  8 orc warriors
  2 sky beasts (D:7)
  A black bear (D:7)
  8 wolves (Bailey)
  4 centaurs
  A phantom (D:7)
  4 kobold brigands
  2 scorpions
  2 bullfrogs
  12 gnoll sergeants
  4 wights (D:10)
  The ghost of SirDiesAlot the Firebug, a weakling OgFE (D:3)
  9 killer bees
  9 howler monkeys
  8 hounds
  10 gnoll boudas
  4 orc priests
  2 jellies (D:5)
  An iron imp (D:9)
  4 iguanas
  14 orc wizards
  48 gnolls
  7 adders
  A shadow imp (D:5)
  2 white imps (D:7)
  4 ufetubi
  A worm (D:5)
  57 orcs
  3 bats
  7 endoplasms
  3 giant cockroaches
  11 goblins
  5 hobgoblins
  5 jackals (D:5)
  2 quokkas
  13 ball pythons
  4 frilled lizards
  12 kobolds
  5 rats
329 creatures vanquished.

Vanquished Creatures (others)
  A sky beast (D:8)
1 creature vanquished.

Grand Total: 330 creatures vanquished

Notes
Turn   | Place    | Note
-------+----------+-------------------------------------------
     0 | D:1      | 12sPaWn12 the Gargoyle Fighter began the quest for the Orb.
     0 | D:1      | Reached XP level 1. HP: 14/14 MP: 1/1
   566 | D:1      | Reached XP level 2. HP: 19/19 MP: 2/2
  1265 | D:2      | Reached XP level 3. HP: 23/23 MP: 3/3
  1628 | D:2      | Reached XP level 4. HP: 29/29 MP: 4/4
  2321 | D:3      | Noticed a scorpion
  2343 | D:3      | Killed a scorpion
  2344 | D:3      | Reached skill level 1 in Dodging
  2344 | D:3      | Reached XP level 5. HP: 33/33 MP: 5/5
  2464 | D:3      | Noticed SirDiesAlot's ghost (weakling OgFE)
  2465 | D:3      | Found a runed translucent door.
  2482 | D:3      | Found Hashrobab's Antique Weapon Boutique.
  2543 | D:3      | Killed SirDiesAlot's ghost
  2654 | D:3      | Found a faded altar of an unknown god.
  3044 | D:4      | Reached XP level 6. HP: 34/38 MP: 6/6
  3113 | D:4      | Found an ancient bone altar of Kikubaaqudgha.
  3294 | D:4      | Found Suwnorgh's Magic Scroll Shoppe.
  3805 | D:5      | Entered Level 5 of the Dungeon
  3898 | D:5      | Reached XP level 7. HP: 40/43 MP: 7/7
  4006 | D:5      | Got the Compilation of Unlucky Darkness
  4036 | D:5      | Reached skill level 5 in Maces & Flails
  4091 | D:5      | Reached skill level 1 in Evocations
  4106 | D:5      | Reached skill level 5 in Armour
  4126 | D:5      | Found a staircase to the Ecumenical Temple.
  4156 | Temple   | Entered the Ecumenical Temple
  4334 | Temple   | Became a worshipper of Elyvilon the Healer
  4599 | D:4      | Reached XP level 8. HP: 43/48 MP: 8/8
  4716 | D:5      | Reached skill level 5 in Shields
  4926 | D:5      | Found Ridotoq's Assorted Antiques.
  5132 | D:6      | Reached * piety under Elyvilon
  5323 | D:6      | Reached skill level 5 in Fighting
  5338 | D:6      | Found an iron altar of Okawaru.
  5388 | D:6      | Identified the ring "Zimmex" {*Corrode rF- rC+ EV+5 Str+5}
  5785 | D:7      | Reached skill level 1 in Invocations
  5798 | D:7      | Reached ** piety under Elyvilon
  5805 | D:7      | Found a flagged portal.
  5806 | D:7      | Noticed a shadow
  5848 | D:7      | Killed a shadow
  5849 | D:7      | Reached XP level 9. HP: 39/54 MP: 8/10
  5867 | Bailey   | Entered a bailey
  5988 | Bailey   | Gained mutation: You occasionally lose the ability to read
                  | scrolls when taking damage. [potion of mutation]
  5988 | Bailey   | Gained mutation: You possess an exceptional clarity of
                  | mind. [potion of mutation]
  6631 | Bailey   | Found the +8 mithril axe "Arga" {speed, Will+}
  7112 | D:7      | Reached XP level 10. HP: 60/60 MP: 12/12
  7242 | D:7      | Reached *** piety under Elyvilon
  7453 | D:7      | Identified the +2 leather armour "Eziy" {Int+2 Dex+2}
  7462 | D:7      | Identified the +10 rapier of the Sixty-Six Xenops {freeze,
                  | *Slow +Blink Fly}
  8008 | D:8      | Killed an unseen horror
  8233 | D:8      | Found a sacrificial altar of Ru.
  8350 | D:8      | Found a stormy altar of Qazlal.
  8501 | D:8      | Identified the +8 trident of Excruciating Pain {flame,
                  | rPois}
  8529 | D:8      | Reached **** piety under Elyvilon
  8675 | D:8      | Found Perseus's Dragon-Slaying Spoils.
  9008 | D:9      | Found Zin's Purification Station.
  9008 | D:9      | Found a glowing silver altar of Zin.
  9019 | D:9      | Fell from the grace of Elyvilon
  9019 | D:9      | Became a worshipper of Zin the Law-Giver
  9019 | D:9      | Reached * piety under Zin
  9019 | D:9      | Reached ** piety under Zin
  9019 | D:9      | Reached *** piety under Zin
  9019 | D:9      | Reached **** piety under Zin
  9065 | D:9      | Noticed a kobold demonologist
  9082 | D:9      | Noticed a sixfirhy
  9091 | D:9      | Noticed a sixfirhy
  9092 | D:9      | Killed a kobold demonologist
  9125 | D:9      | Reached XP level 11. HP: 50/67 MP: 14/14
  9609 | D:9      | Found a snail-covered altar of Cheibriados.
  9836 | D:10     | Entered Level 10 of the Dungeon
  9976 | D:10     | Noticed a two-headed ogre
  9982 | D:10     | Killed a two-headed ogre
 10045 | D:10     | Noticed Urug
 10063 | D:10     | Killed Urug
 10174 | D:10     | Reached ***** piety under Zin
 10204 | D:10     | Noticed a two-headed ogre
 10213 | D:10     | Killed a two-headed ogre
 10294 | D:10     | Noticed Erica
 10301 | D:10     | Killed Erica
 10774 | D:10     | Found a staircase to the Orcish Mines.
 10837 | Orc:1    | Entered Level 1 of the Orcish Mines
 10911 | Orc:1    | Noticed Erolcha
 10921 | Orc:1    | Reached skill level 5 in Invocations
 10929 | Orc:1    | HP: 1/71 [something (6)]
 10930 | Orc:1    | Mangled by Erolcha

Illustrated notes

Levels and vault maps discovered:
D:1:      ncdulo_halloftheorcs, layout_basic
D:2:      layout_basic, minmay_pentomino_t4
D:3:      minmay_recursive_quarters, layout_loops_ring,
          nicolae_ecumenical_lake_church, serial_shops, shop,
          hellmonk_ghost_happy_afterlife
D:4:      kb_forest_paths, layout_basic, mainiacjoe_overflow_tiny_flanked,
          serial_shops, nicolae_shop_hallway_plus
D:5:      layout_cave_pools, minmay_temple_entry_statues_fountains,
          serial_gnoll_camp, gnoll_camp_huts_moat, gnoll_camp_mini_hut,
          gnoll_camp_mini_basic, gnoll_camp_mini_shop, gnoll_camp_mini_house
D:6:      layout_loops_ring, amcnicky_altar_gilded
D:7:      layout_layer_cave, enter_bailey_5
D:8:      layout_loops_corners, general_overflow_altar,
          nicolae_ru_sacrificial_ziggurat, nicolae_shop_dragon_depot
D:9:      layout_layer_cave, zin_purify, slow_altar_1, hangedman_corner_corridor
D:10:     layout_gridville, hiddenorc1_lemuel, uniq_erica, uniq_urug
Temple:   nicolae_temple_elliptical
Orc:1:    minmay_goldmine, layout_diamond_mine, uniq_snorg, uniq_erolcha

Skill      XL: |  1  2  3  4  5  6  7  8  9 10 11 |
---------------+----------------------------------+-----
Maces & Flails | 3 4 5 6 8 9 |  9.0
Armour         | 4 5 6 7 8 9 |  9.9
Dodging        | 1 2 3 4 |  4.7
Shields        | 4 5 6 7 8 |  8.8
Fighting       | 4 5 6 7 9 |  9.4
Evocations     | 1 2 3 4 |  4.6
Invocations    | 1 3 4 5 |  5.0

Action                     |  1- 3 |  4- 6 |  7- 9 | 10-12 || total
---------------------------+-------+-------+-------+-------++-------
  Melee: Flail             |   120 |     2 |       |       ||   122
         Mace              |       |   251 |   733 |       ||   984
         Broad axe         |       |       |    30 |   419 ||   449
    Use: Scroll            |       |       |    12 |     1 ||    13
         Potion            |       |       |    14 |     3 ||    17
   Stab: Invisible         |       |       |     2 |       ||     2
 Armour: Scale mail        |    64 |   137 |   339 |       ||   540
         Plate armour      |       |       |   226 |   261 ||   487
  Dodge: Dodged            |    67 |   122 |   435 |   137 ||   761
  Block: Buckler           |    26 |    58 |   324 |   103 ||   511
         Kite shield       |       |       |       |    70 ||    70

Table legend: (Time is in decaauts)
 A = Elapsed time spent in this place.
 B = Non-inter-level travel time spent in this place.
 C = Inter-level travel time spent in this place.
 D = Time resting spent in this place.
 E = Time spent auto-exploring this place.
 F = Levels seen in this place.
 G = Mean time per level.
                   A        B        C        D        E       F      G
               +--------+--------+--------+--------+--------+-----+--------+
         Total |  11082 |  10635 |    447 |      0 |   7554 |  13 |  852.5 |
       Dungeon |   9879 |   9488 |    391 |      0 |   7178 |  10 |  987.9 |
        Temple |    210 |    154 |     56 |      0 |    136 |   1 |  210.0 |
  Orcish Mines |     94 |     94 |      0 |      0 |     39 |   1 |   94.0 |
        Bailey |    898 |    898 |      0 |      0 |    201 |   1 |  898.0 |
               +--------+--------+--------+--------+--------+-----+--------+

Top non-repeatable levels by time:
     D:7: 1273 daAuts
     D:1: 1216 daAuts
     D:5: 1126 daAuts
    D:10: 1002 daAuts
     D:8: 966 daAuts
     D:3: 946 daAuts
     D:9: 940 daAuts
     D:2: 918 daAuts
  Bailey: 898 daAuts
     D:4: 848 daAuts
     D:6: 640 daAuts
  Temple: 210 daAuts
   Orc:1: 94 daAuts
